 Dungeon Crawl Stone Soup version 0.30-a0-172-gc5509c9e31 (webtiles) character file.

Game seed: 11570019441814940099

79 qw the Chopper (level 4, 0/28 HPs)
             Began as a Gargoyle Fighter on Oct 1, 2022.
             Slain by Ijyb
             ... wielding a +0 dagger
              (4 damage)
             ... on level 3 of the Dungeon.
             The game lasted 00:00:46 (2106 turns).

qw the Chopper (Gargoyle Fighter)                   Turns: 2106, Time: 00:00:47

Health: 0/28       AC:  2    Str: 18 (21) XL:     4   Next: 38%
Magic:  4/4        EV: 13    Int:  8 (9)  God:
Gold:   82         SH:  4    Dex:  6 (9)  Spells: 3/3 levels left

rFire   . . .      SeeInvis .    Y - +0 war axe
rCold   + + .      Faith    .    c - +0 buckler
rNeg    + + .      Spirit   .    b - +0 scale mail
rPois   inf        Reflect  .    (no helmet)
rElec   +          Harm     .    (no cloak)
rCorr   .          Rampage  .    (no gloves)
Will    .....                    (no boots)
Stlth   ..........               p - amulet "Tudiplep" {rC++ Regen+}
HPRegen 1.04/turn                l - +4 ring of evasion
MPRegen 0.09/turn                o - ring of positive energy

@: corroded
A: sickness immunity, AC +3, negative energy resistance 1, electricity
resistance, torment resistance 1, petrification resistance
a: no special abilities


You were on level 3 of the Dungeon.
You visited 1 branch of the dungeon, and saw 3 of its levels.

You collected 82 gold pieces.


Innate Abilities, Weirdness & Mutations

You are immune to sickness and miasma.
Your stone body is resilient. (AC +3)
You are immune to poison.
You resist negative energy. (rN+)
You are resistant to electric shocks. (rElec)
You are resistant to unholy torment.
You are immune to petrification.


   Skills:
 - Level 3.2 Fighting
 + Level 4.1 Axes
 - Level 3.2 Armour
 - Level 3.2 Shields


You had 3 spell levels left.
You didn't know any spells.
Your spell library was empty.

Inventory:

Hand Weapons
 i - a +2 whip of venom
 Y - a +0 war axe (weapon)
Missiles
 r - 3 boomerangs (quivered)
Armour
 b - a +0 scale mail (worn)
 c - a +0 buckler (worn)
Jewellery
 l - a +4 ring of evasion (left hand)
 o - a ring of positive energy (right hand)
 p - the amulet "Tudiplep" (around neck) {rC++ Regen+}
   (You found it on level 2 of the Dungeon)

   [amulet of regeneration]

   rC:        It greatly protects you from cold.
   Regen:     It increases your rate of health regeneration.
Scrolls
 h - a scroll of identify
Potions
 d - a potion of might
 f - a potion of lignification
 j - a potion of curing
 m - a potion of resistance {unknown}
 n - a potion of attraction

Dungeon Overview and Level Annotations

Branches:
Dungeon (3/15)

Altars:

Annotations:
D:3 Ijyb


Message History

Ijyb screams, "Me very upset!"
Ijyb barely misses you. Ijyb hits you but does no damage.
You feel less attractive to monsters.
You miss Ijyb.
Ijyb is lightly wounded.
Ijyb hits you but does no damage.
You closely miss Ijyb.
Ijyb is lightly wounded.
Ijyb hits you with a +0 dagger. Ijyb screams, "I no like you!"
Ijyb hits you with a +0 dagger.
You barely miss Ijyb.
Ijyb is lightly wounded.
Ijyb closely misses you.
You hit Ijyb but do no damage.
Ijyb is lightly wounded.
Ijyb closely misses you.
You hit Ijyb.
Ijyb is lightly wounded.
Ijyb barely misses you.
Ijyb zaps a wand.
The bolt of acid hits you!
You hit Ijyb.
Ijyb is moderately wounded.
You block Ijyb's attack.
You completely miss Ijyb.
Ijyb is moderately wounded.
Ijyb zaps a wand.
The bolt of acid hits you. The acid corrodes you!
You closely miss Ijyb.
Ijyb is moderately wounded.
Ijyb hits you with a +0 dagger. x2
You closely miss Ijyb.
Ijyb is moderately wounded.
Ijyb hits you but does no damage.
You barely miss Ijyb.
Ijyb is moderately wounded.
Ijyb hits you with a +0 dagger.
You barely miss Ijyb.
Ijyb is moderately wounded.
Ijyb screams, "Me stronger than you!" Ijyb barely misses you.
Ijyb hits you with a +0 dagger.
You die...

#.## # ##.. #
####.#..####..#
.......<......#
##.#.#.#.###..#.#
#.#..%.......#
#.#.##.##..###
#.............
###@##.###(###
#g##.# #.##.#
...... #.##..
#.##### #.. #.#


You could see Ijyb.

Vanquished Creatures
  3 adders (D:2)
  2 dart slugs
  A worm (D:2)
  4 ball pythons
  4 bats
  An endoplasm (D:2)
  A giant cockroach (D:1)
  3 goblins
  7 hobgoblins
  4 jackals (D:1)
  A quokka (D:1)
  2 frilled lizards (D:2)
  6 kobolds
  3 rats
42 creatures vanquished.

Notes
Turn   | Place    | Note
-------+----------+-------------------------------------------
     0 | D:1      | qw the Gargoyle Fighter began the quest for the Orb.
     0 | D:1      | Reached XP level 1. HP: 14/14 MP: 1/1
     0 | D:1      | 0 ||| qw: Version: 0.2-a-13-gfc7b4b4
     0 | D:1      | 0 ||| qw: Game counter: 1776
     0 | D:1      | 0 ||| qw: Always use a shield: true
     0 | D:1      | 0 ||| qw: God list: Okawaru
     0 | D:1      | 0 ||| qw: Allow faded altars: false
     0 | D:1      | 0 ||| qw: Do Orc after D:15 true
     0 | D:1      | 0 ||| qw: Do second Lair branch before Depths: true
     0 | D:1      | 0 ||| qw: Lair rune preference: random
     0 | D:1      | 0 ||| qw: Plans: Normal, Zot:1-4, God:TSO, Crypt, Tomb,
                  | Pan, Slime:5, Hells, Abyss, Orb
     0 | D:1      | 0 ||| PLANNING D:1-11
    29 | D:1      | Reached skill level 2 in Axes
   117 | D:1      | Reached XP level 2. HP: 17/19 MP: 2/2
   186 | D:1      | 186 ||| Stepping ~*~*~tactically~*~*~ (hiding).
   786 | D:1      | 786 ||| Stepping ~*~*~tactically~*~*~ (stealth).
   787 | D:1      | 787 ||| Stepping ~*~*~tactically~*~*~ (stealth).
   790 | D:1      | Reached skill level 3 in Axes
   794 | D:1      | Reached XP level 3. HP: 23/23 MP: 3/3
   795 | D:1      | 795 ||| Stepping ~*~*~tactically~*~*~ (stealth).
  1064 | D:1      | 1064 ||| UPGRADING to +4 ring of evasion.
  1065 | D:1      | 1065 ||| UPGRADING to ring of positive energy.
  1066 | D:1      | 1066 ||| READING scroll labelled GAGIEMO LUPN.
  1067 | D:1      | 1067 ||| READING scroll labelled CYEBLE HINTE.
  1068 | D:1      | 1068 ||| READING 2 scrolls labelled IZILESE YRGHIR.
  1069 | D:1      | 1069 ||| READING scroll labelled FENUXA NIRHIRI.
  1070 | D:1      | 1070 ||| DRINKING 2 white potions.
  1249 | D:2      | Found a faded altar of an unknown god.
  1414 | D:2      | 1414 ||| Stepping ~*~*~tactically~*~*~ (hiding).
  1590 | D:2      | 1590 ||| DROPPING +0 mace.
  1596 | D:2      | 1596 ||| Stepping ~*~*~tactically~*~*~ (stealth).
  1885 | D:2      | Reached XP level 4. HP: 28/28 MP: 4/4
  1888 | D:2      | 1888 ||| Stepping ~*~*~tactically~*~*~ (stealth).
  1908 | D:2      | Reached skill level 4 in Axes
  1939 | D:2      | Identified the +1 leather armour "Fuog Reu" {Str+8 Int+3
                  | Dex-3 Stlth-}
  1942 | D:2      | Identified the amulet "Tudiplep" {rC++ Regen+}
  2022 | D:2      | 2022 ||| DROPPING +1 leather armour "Fuog Reu" {Str+8 Int+3
                  | Dex-3 Stlth-}.
  2023 | D:2      | 2023 ||| UPGRADING to amulet "Tudiplep" {rC++ Regen+}.
  2028 | D:2      | 2028 ||| READING scroll labelled MATEMARENO.
  2031 | D:2      | 2031 ||| READING scroll labelled GIQANW UMNEAGRIW.
  2032 | D:2      | 2032 ||| DRINKING 2 purple potions.
  2064 | D:2      | 2064 ||| DRINKING 2 fizzy dark potions.
  2065 | D:2      | 2065 ||| DRINKING 2 bubbling orange potions.
  2066 | D:2      | 2066 ||| READING 2 scrolls of identify.
  2066 | D:2      | 2066 ||| IDENTIFYING fizzy pink potion
  2067 | D:2      | 2067 ||| DROPPING potion of degeneration.
  2068 | D:2      | 2068 ||| DROPPING potion of invisibility.
  2091 | D:3      | Noticed Ijyb
  2102 | D:3      | HP: 7/28 [Ijyb/bolt of acid (5)]
  2105 | D:3      | HP: 2/28 [Ijyb/+0 dagger (5)]
  2106 | D:3      | Slain by Ijyb

Levels and vault maps discovered:
D:1:      minmay_arrival_five_plusses, layout_basic
D:2:      minmay_wonky_spiral, layout_loops_ring, ebering_ecumenical_altar_box,
          minmay_quantized
D:3:      layout_loops_ring, led_sif_pool, pdpol_wu_jian_five_deadly_venoms,
          minmay_misc_feat_cross, minmay_fractal_squares_gapless_5,
          uniq_crazy_yiuf_cottage, uniq_ijyb

Skill      XL: |  1  2  3  4 |
---------------+-------------+-----
Axes           | 2 3 4 |  4.1
Fighting       | |  3.2
Armour         | |  3.2
Shields        | |  3.2

Action                   |  1- 3 |  4- 6 || total
-------------------------+-------+-------++-------
Melee: War axe           |   101 |    45 ||   146
  Use: Scroll            |     4 |     3 ||     7
       Potion            |     1 |     3 ||     4
Armor: Scale mail        |    43 |    18 ||    61
Dodge: Dodged            |    50 |    26 ||    76
Block: Buckler           |    22 |     8 ||    30

Table legend:
 A = Non-vault XP
 B = Vault XP
 C = Vault XP percentage of total XP
 D = Non-vault monster count
 E = Vault monster count
 F = Vault count percentage of total count
                 A         B        C        D         E       F
            +---------+---------+-------+---------+---------+-------
      Total |      92 |      22 |  19.3 |      35 |       7 |  16.7
            +---------+---------+-------+---------+---------+-------
        D:1 |      40 |       0 |   0.0 |      21 |       0 |   0.0
        D:2 |      50 |      22 |  30.6 |      13 |       7 |  35.0
        D:3 |       2 |       0 |   0.0 |       1 |       0 |   0.0
            +---------+---------+-------+---------+---------+-------
